AoeStats
← La dide

Coastal Forest

510622317Analyzed
3v3 RM · 1d ago on Oct 1, 2026· 90m 1s· 6 players
Game mode
Random Map
Map size
Normal (6 player)
Population
200
Speed
Normal
Resources
Standard
Victory
Conquest
Starting age
Dark Age
Ending age
Imperial Age
RankedLock teamsTeams togetherTeam positionsShared explorationLock speedFull tech treeHidden civsTurbo modeCheats
Victory
Defeat
🇫🇷 Maya · France
934
+12
🇫🇷 Shu · France
862
+14
🇫🇷 Varangians · France
734
+19
🇩🇪 Turks · Germany
853
-16
🇦🇷 Britons · Argentina
832
-15
🇪🇸 Chinese · Spain
796
-14
POL4
10:51 Feudal Age
17:32 Castle Age
23:57 Loom
24:49 Town Watch
31:34 Fletching
32:35 Horse Collar
35:04 Double-Bit Axe
40:59 Imperial Age
38:52 Ballistics
39:36 Bow Saw
41:04 Elite Longbowman
42:11 Heavy Plow
43:04 Conscription
44:17 Bodkin Arrow
44:57 Padded Archer Armor
44:59 Guard Tower
45:57 Wheelbarrow
47:40 Chemistry
47:15 Bracer
47:18 Gold Mining
48:18 Leather Archer Armor
48:26 Town Patrol
50:00 Ring Archer Armor
50:09 Keep
49:21 Arrowslits
51:15 Yeomen
57:05 Scale Mail Armor
57:15 Scale Barding Armor
57:14 Cavalier
57:54 Husbandry
58:49 Chain Barding Armor
62:29 Plate Barding Armor
84:46 Forging
86:14 Iron Casting
88:59 Blast Furnace
Tribamell
0:27 Loom
10:24 Feudal Age
11:31 Horse Collar
11:39 Double-Bit Axe
19:30 Castle Age
19:04 Padded Archer Armor
18:55 Fletching
19:15 Forging
19:22 Gold Mining
19:30 Stone Mining
21:34 Bow Saw
22:39 Leather Archer Armor
22:19 Bodkin Arrow
23:00 Iron Casting
24:50 Thumb Ring
27:02 Wheelbarrow
28:41 Hand Cart
32:39 Imperial Age
30:31 Heavy Plow
30:59 Town Watch
34:15 Conscription
33:58 Bracer
35:06 Two-Man Saw
36:21 Town Patrol
37:51 Ring Archer Armor
40:27 Blast Furnace
39:44 Elite Skirmisher
OSMANE38
0:57 Loom
11:59 Feudal Age
21:29 Castle Age
20:44 Stone Mining
22:16 Double-Bit Axe
25:25 Horse Collar
29:02 Bow Saw
29:19 Gold Mining
30:23 Wheelbarrow
35:03 Hand Cart
TheHeadlander
10:52 Feudal Age
13:02 Double-Bit Axe
15:48 Fletching
15:54 Loom
23:55 Castle Age
23:31 Padded Archer Armor
25:07 Thumb Ring
24:27 Crossbowman
30:58 Elite Skirmisher
35:29 Bodkin Arrow
35:50 Leather Archer Armor
41:27 Imperial Age
42:45 Bracer
43:16 Ring Archer Armor
43:17 Elite Plumed Archer
43:24 Elite Plumed Archer
44:39 Gold Mining
44:40 Stone Mining
47:48 Capped Ram
50:15 Holcans
49:48 Hul'che Javelineers
70:36 Chemistry
69:56 Ballistics
70:39 Spies/Treason
La dide
7:51 Loom
9:55 Feudal Age
10:42 Double-Bit Axe
12:39 Fletching
12:37 Horse Collar
15:43 Padded Archer Armor
19:52 Castle Age
21:24 Bodkin Arrow
21:01 Crossbowman
22:21 Leather Archer Armor
23:32 Heavy Plow
27:42 Thumb Ring
30:11 Ballistics
37:14 Imperial Age
35:32 Treadmill Crane
35:46 Heated Shot
38:29 Husbandry
38:26 Gold Mining
38:51 Elite White Feather Guard
42:05 Heavy Cavalry Archer
43:53 Chemistry
48:59 Bolt Magazine
49:04 Coiled Serpent Array
54:00 Elite Skirmisher
61:21 Arrowslits
61:48 Masonry
vincentreynes.30
0:27 Loom
10:56 Feudal Age
14:04 Double-Bit Axe
21:21 Castle Age
19:18 Fletching
23:24 Bodkin Arrow
33:00 Imperial Age
33:04 Cranequins
34:13 Bracer
36:10 Heavy Mounted Crossbowman
37:01 Capped Ram
40:42 Siege Ram
61:09 Elite Skirmisher
69:27 Elite Varangian Guard
Connection lost

Rejoining the realm…

Still unreachable

The connection could not be restored.

Session expired

The server has moved on; the page needs a fresh start.